 Dungeon Crawl Stone Soup version 0.23.1 (webtiles) character file.

Game seed: 4080165277142173666

37 Monsterracer the Chopper (level 3, -1/28 HPs)
             Began as a Demonspawn Gladiator on Mar 12, 2019.
             Slain by a hound (3 damage)
             ... on level 2 of the Dungeon.
             The game lasted 00:00:57 (834 turns).

Monsterracer the Chopper (Demonspawn Gladiator)      Turns: 834, Time: 00:00:57

Health: -1/28      AC:  7    Str: 15    XL:     3   Next: 21%
Magic:  3/3        EV: 10    Int:  9    God:
Gold:   58         SH:  0    Dex: 14    Spells: 2/2 levels left

rFire    . . .     SeeInvis .   a - +0 war axe
rCold    . . .     Gourm    .   (no shield)
rNeg     . . .     Faith    .   g - +0 scale mail
rPois    .         Spirit   .   f - +0 helmet
rElec    .         Reflect  .   (no cloak)
rCorr    .         Harm     .   (no gloves)
MR       .....                  (no boots)
Stlth    +.........             e - amulet of rage
HPRegen  0.09/turn              n - ring of stealth
MPRegen  0.08/turn              (no ring)

@: no status effects
A: powered by pain 1
a: Evoke Berserk Rage


You were on level 2 of the Dungeon.
You were not hungry.

You visited 1 branch of the dungeon, and saw 2 of its levels.

You collected 58 gold pieces.


Innate Abilities, Weirdness & Mutations

You sometimes gain a little power by taking damage.


   Skills:
 + Level 2.9 Fighting
 + Level 3.3 Axes
 - Level 1.7 Throwing
 - Level 2.6 Dodging
 + Level 0.2 Evocations


You had 2 spell levels left.
You didn't know any spells.
Your spell library was empty.

Inventory:

Hand Weapons
 a - a +0 war axe (weapon)
Armour
 f - a +0 helmet (worn)
 g - a +0 scale mail (worn)
   (You found it on level 1 of the Dungeon)
Jewellery
 e - an amulet of rage (around neck)
   (You found it on level 1 of the Dungeon)
 n - a ring of stealth (left hand)
   (You found it on level 1 of the Dungeon)
Scrolls
 b - a scroll of noise {unknown}
 h - a scroll of remove curse {unknown}
 j - 4 scrolls of identify {unknown}
 l - 2 scrolls of teleportation {unknown}
Potions
 i - 2 potions of curing {unknown}
 k - 3 potions of haste {unknown}
 m - a potion of berserk rage {unknown}
Comestibles
 c - 2 rations

Dungeon Overview and Level Annotations

Branches:
Dungeon (2/15)

Altars:
########### (..$..h@.<# ###########

You could see a hound.


Message History

There is a stone staircase leading down here.
You climb downwards.
A hound comes into view.
Found 12 gold pieces.
There is a stone staircase leading up here.
A hound is nearby!
A hound is nearby!
The hound barks!
The hound bites you. The hound barely misses you.
You take 5 damage, and have 23/28 hp.
You barely miss the hound. The hound barely misses you. The hound bites you.
You take 3 damage, and have 20/28 hp.
You closely miss the hound. The hound bites you. The hound closely misses you.
You hit the hound but do no damage. The hound bites you but does no damage.
The hound barely misses you.
You barely miss the hound. The hound closely misses you.
The hound bites you but does no damage.
You hit the hound but do no damage. The hound bites you.
The hound closely misses you.
You take 2 damage, and have 18/28 hp.
Your scale mail prevents you from hitting the hound.
The hound bites you. x2
You take 3 damage, and have 15/28 hp.
You hit the hound.
The hound is lightly wounded.
The hound closely misses you. x2
You are too injured to fight recklessly!
You miss the hound.
The hound is lightly wounded.
The hound bites you.
* * * LOW HITPOINT WARNING * * *
The hound bites you.
* * * LOW HITPOINT WARNING * * *
You barely miss the hound.
The hound is lightly wounded.
The hound misses you. The hound closely misses you.
You take 5 damage, and have 10/28 hp.
You hit the hound but do no damage.
The hound is lightly wounded.
The hound bites you.
* * * LOW HITPOINT WARNING * * *
The hound barely misses you.
You closely miss the hound.
The hound is lightly wounded.
The hound bites you but does no damage. x2
Unknown command.
You barely miss the hound.
The hound bites you but does no damage. x2
You hit the hound.
The hound is lightly wounded.
The hound bites you.
* * * LOW HITPOINT WARNING * * *
The hound bites you but does no damage.
You closely miss the hound.
The hound is lightly wounded.
The hound barely misses you. The hound bites you.
* * * LOW HITPOINT WARNING * * *
You take 5 damage, and have 5/28 hp.
Unknown command.
Throwing (i - inventory)
d - 3 throwing nets (quivered)
{!f}
Press: ? - help, Shift-Dir - straight line, f - hound
Aim: a hound (lightly wounded) Really fire
d - 3 throwing nets {!f}?
You throw a throwing net {!f}.
The throwing net {!f} closely misses the hound.
The hound bites you but does no damage.
Throwing (i - inventory)
d - 2 throwing nets (quivered)
{!f}
Press: ? - help, Shift-Dir - straight line, f/p - hound
Aim: a hound (lightly wounded) Really fire
d - 2 throwing nets {!f}?
You throw a throwing net {!f}. The throwing net {!f} hits the hound.
The hound is caught in the net!
The hound is lightly wounded.
The hound struggles against the net.
You slash the hound!
The hound is severely wounded.
The hound struggles against the net. x2
You hit the hound.
The hound is almost dead.
The hound struggles against the net.
The net rips apart, and the hound comes free!
The hound closely misses you.
You miss the hound.
The hound is almost dead.
The hound bites you but does no damage. The hound barely misses you.
You closely miss the hound.
The hound is almost dead.
The hound closely misses you. The hound bites you but does no damage.
Your scale mail prevents you from hitting the hound.
The hound is almost dead.
The hound bites you.
* * * LOW HITPOINT WARNING * * *
The hound bites you but does no damage.
You take 4 damage, and have 2/28 hp.
Unknown command.
Throwing (i - inventory)
d - a throwing net (quivered)
{!f}
Press: ? - help, Shift-Dir - straight line, p - hound 12 gold pieces.
Really fire
d - a throwing net {!f}?
You throw a throwing net {!f}. The hound bites you.
You die...

Skill      XL: |  1 |
---------------+----+-----
Axes           | 3 |  3.3
Fighting       | |  2.9
Throwing       | |  1.7
Dodging        | |  2.6
Evocations     | |  0.2

Action                   || total
-------------------------++-------
Melee: War axe           ||    84
Throw: Throwing net      ||     3
Armor: Scale mail        ||    55
       Leather armour    ||     2
Dodge: Dodged            ||    91

Levels and vault maps discovered:
D:1:      dpeg_arrival_lava_temple_mockup, layout_rooms, minmay_pentomino_q4
D:2:      layout_basic, zin_scriptorium, eat_drink_and_be_merry_uskayaw,
          first_ration

Notes
Turn   | Place    | Note
-------+----------+-------------------------------------------
     0 | D:1      | Monsterracer the Demonspawn Gladiator began the quest for
                  | the Orb.
     0 | D:1      | Reached XP level 1. HP: 16/16 MP: 1/1
   173 | D:1      | Reached skill level 3 in Axes
   174 | D:1      | Gained mutation: You sometimes gain a little power by
                  | taking damage. [demonic ancestry]
   174 | D:1      | Reached XP level 2. HP: 23/23 MP: 2/2
   218 | D:1      | HP: 10/23 [kobold (2)]
   457 | D:1      | Reached XP level 3. HP: 21/28 MP: 3/3
   820 | D:2      | HP: 11/28 [hound (4)]
   825 | D:2      | HP: 6/28 [hound (4)]
   833 | D:2      | HP: 2/28 [hound (4)]
   834 | D:2      | Slain by a hound

Vanquished Creatures
  An ooze (D:1)
  A dart slug (D:1)
  2 bats (D:1)
  3 giant cockroaches (D:1)
  8 jackals (D:1)
  A kobold (D:1)
  A frilled lizard (D:1)
  4 goblins (D:1)
  6 rats (D:1)
27 creatures vanquished.

Table legend:
 A = Turns spent in this place as a percentage of turns spent in the entire game.
 B = Non-inter-level travel turns spent in this place as a percentage of non-inter-level travel turns spent in the entire game.
 C = Inter-level travel turns spent in this place as a percentage of turns spent in this place.
 D = Turns resting spent in this place as a percentage of non-inter-level travel turns spent in this place.
 E = Turns spent auto-exploring this place as a percentage of non-inter-level travel turns spent in this place.
 F = Non-inter-level travel turns spent in this place divided by the number of levels of this place that you've seen.
                   A       B       C       D       E      F
               +-------+-------+-------+-------+-------+----------------------
         Total | 100.0 | 100.0 |   1.8 |   0.0 |  79.6 | 409.5
       Dungeon | 100.0 | 100.0 |   1.8 |   0.0 |  79.6 | 409.5
               +-------+-------+-------+-------+-------+----------------------

Table legend:
 A = Non-vault XP
 B = Vault XP
 C = Vault XP percentage of total XP
 D = Non-vault monster count
 E = Vault monster count
 F = Vault count percentage of total count
                 A         B        C        D         E       F
            +---------+---------+-------+---------+---------+-------
      Total |      49 |       4 |   7.5 |      24 |       3 |  11.1
            +---------+---------+-------+---------+---------+-------
        D:1 |      49 |       4 |   7.5 |      24 |       3 |  11.1
            +---------+---------+-------+---------+---------+-------
